Croesus, chaotic male elven Ranger ------+------ ##............| # |.........<.| ### |...........| # |)..........| ### |............ # |...........| -------# --.-----.---- o |+???.|# # |??+?.|# ^## |????.|# G####@## |]???.-# | -----.-- |????.| |........ .......| ------- | |....>.| .......- -------- Croesus the Tenderfoot Experience level: 1 Strength: 14 Dexterity: 10 Constitution: 15 Intelligence: 14 Wisdom: 13 Charisma: 8 Health: 0(13) Energy: 4(4) Def: 3 Gold: 503 Moves: 672 Dungeon seed: qf8W7VmVgD-3jJ0d Game ID: Croesus_1562088142 Your Inventory: Weapons a - 31 blessed +0 elven arrows c - 50 uncursed +2 elven arrows (in quiver) d - an uncursed +1 elven dagger (weapon in hand) e - an uncursed +1 elven bow (alternate weapon; not wielded) i - an uncursed +0 orcish dagger l - 13 cursed -2 darts m - an uncursed +0 dart Armor b - an uncursed +2 elven cloak (being worn) Comestibles f - 4 uncursed lembas wafers h - an uncursed tin of spinach k - an uncursed orange o - an uncursed cream pie Scrolls p - an uncursed scroll of identify Potions j - an uncursed potion of fruit juice r - an uncursed potion of acid s - 2 uncursed potions of restore ability Tools g - an uncursed tallow candle (0:200) Gems n - an uncursed worthless piece of yellow glass Coins $ - 503 gold pieces Spells and supernatural/magical abilities: Name Level Category Cost Memory W - pray for help -- divine ? -- Your skills at the end: Fighting Skills wands [Basic] Weapon Skills dagger [Basic] bow [Basic] Spellcasting Skills Final Attributes: You were piously aligned. You were immune to sleep. You saw invisible. You had automatic searching. You had infravision. You were stealthy. Mars was noncommittal. You are dead. Vanquished creatures: a little dog 2 giant rats a goblin a kobold zombie 2 newts 7 creatures vanquished. Voluntary challenges: You went without food. You were an atheist. You used a wielded weapon 4 times, starting on turn 351. You were illiterate. You never genocided any monsters. You never polymorphed an object. You never changed form. You used no wishes. You never split a pudding. You never wrote Elbereth's name. You never violated your personal moral code. Dungeon overview: The Dungeons of Doom: levels 1 to 7 Level 1 a long staircase Level 2 a fountain Level 3 Level 4 Level 5 Level 6 <- You were here a scroll shop Level 7 a fountain, a vault History has recorded: On T:1 you entered the Dungeons of Doom to retrieve the Amulet of Yendor! On T:119 you reached level 2 of The Dungeons of Doom. On T:193 you reached level 3 of The Dungeons of Doom. On T:240 you reached level 4 of The Dungeons of Doom. On T:274 you reached level 5 of The Dungeons of Doom. On T:295 you reached level 6 of The Dungeons of Doom. On T:347 you reached level 7 of The Dungeons of Doom. Score breakdown: Gold: 503 ( 9192 points) Experience: 1 level ( 0 points) Exploration: 7 levels ( 13.73%) (10392 points) Discoveries: 0 items ( 0.00%) ( 0 points) Valuables value: (no points given unless you survive) Artifact value: 0 ( 0 points) Variety of kills: 5 monsters ( 1.32%) ( 3441 points) Turncount: 672 turns ( 0 points) Survival: died (score multiplied by 80%) Total score: 18420 Latest messages: The giant rat bites! You miss the giant rat. You hit the giant rat. The giant rat bites! You miss the giant rat. The giant rat bites! You miss the giant rat. The giant rat bites! You kill the giant rat! p - a scroll labeled NR 9. You see here a yellow gem. n - a yellow gem. r - a black potion. You see here a curved sword. $ - 204 gold pieces. You stop exploring. You feel tough! You must be leading a healthy life-style. The door opens. You see here a statue of a floating eye. You hear bubbling water. s - an effervescent potion. (2x) A gnomish wizard blocks your way. The gnomish wizard casts a spell! The force bolt hits you! You die... Final status: Goodbye Croesus the Ranger, killed by a gnomish wizard's force bolt... You died in The Dungeons of Doom on dungeon level 6 with 18420 points, and 503 pieces of gold, after 672 moves. You were level 1 with a maximum of 13 hit points when you died.